 Dungeon Crawl Stone Soup version 0.31-a0-559-g03b8d61ab2 (webtiles) character file.

Game seed: 9701214187677903057

15038 Chiseanne the Nimble (level 11, -2/49 HPs)
             Began as a Spriggan Brigand on Aug 17, 2023.
             Was an Initiate of Gozag.
             Slain by a death yak (18 damage)
             ... on level 1 of the Lair of Beasts.
             The game lasted 01:16:07 (14771 turns).

Chiseanne the Nimble (Spriggan Brigand)            Turns: 14771, Time: 01:16:08

Health: -2/49      AC:  7    Str:  7    XL:     11   Next: 96%
Magic:  24/24      EV: 31    Int: 17    God:    Gozag
Gold:   358        SH:  8    Dex: 28    Spells: 22/27 levels left

rFire   + . .        d - +5 dagger (flame)
rCold   . . .        x - +0 buckler
rNeg    . . .        J - +2 robe {Will+}
rPois   +            G - +0 hat of Lightning Storm {rF+ Dex+5 SInv}
rElec   .            P - +2 cloak {rPois}
rCorr   .            (gloves unavailable)
SInv    +            (boots unavailable)
Will    ++...        f - amulet of the acrobat
Stlth   +++++        h - +6 ring of dexterity
HPRegen 0.28/turn    z - ring of poison resistance
MPRegen 0.19/turn

%: acrobat
@: very quick
A: very small, no large weapons, unfitting armour, see invisible, speed 3
a: Renounce Religion, Potion Petition, Call Merchant, Bribe Branch


You were on level 1 of the Lair of Beasts.
You worshipped Gozag.
Gozag was aware of your devotion.
You visited 4 branches of the dungeon, and saw 16 of its levels.

You collected 2366 gold pieces.
You spent 1887 gold pieces at shops.
You paid 121 gold pieces to Gozag.

Inventory:

Hand Weapons
 a - the +6 Majin-Bo {spellvamp, MP+6 Int+6}
   (You bought it in a shop on level 1 of the Dungeon)

   Int+6:     It affects your intelligence (+6).
   MP+6:      It affects your magic capacity (+6).
 d - a +5 dagger of flaming (weapon)
 s - a +3 dagger of venom
 C - a +3 quarterstaff of chaos
 O - a +0 rapier
Missiles
 l - 101 stones
 q - 4 boomerangs
 w - 2 throwing nets
 y - 17 poisoned darts (quivered)
 H - 6 atropa-tipped darts
Armour
 x - a +0 buckler (worn)
 E - an orb of mayhem
 G - the +0 hat of Lightning Storm (worn) {rF+ Dex+5 SInv}
   (You acquired it on level 9 of the Dungeon)

   Dex+5:     It affects your dexterity (+5).
   rF+:       It protects you from fire.
   SInv:      It lets you see invisible.
 J - a +2 robe of willpower (worn)
 P - a +2 cloak of poison resistance (worn)
Jewellery
 f - an amulet of the acrobat (around neck)
 h - a +6 ring of dexterity (left hand)
 i - a ring of protection from fire
 o - an amulet of reflection
 p - a ring of flight
 r - an amulet of magic regeneration
 z - a ring of poison resistance (right hand)
Wands
 c - a wand of digging (3)
 u - a wand of quicksilver (4)
 A - a wand of flame (1)
Scrolls
 b - 2 scrolls of identify
 e - 3 scrolls of poison
 t - 4 scrolls of teleportation
 F - 4 scrolls of vulnerability
 I - a scroll of fog
Potions
 g - a potion of lignification
 j - 2 potions of brilliance
 k - 2 potions of haste
 m - 4 potions of curing
 n - 5 potions of mutation
 v - a potion of enlightenment
 D - 2 potions of resistance


   Skills:
 - Level 1.5 Fighting
 - Level 2.1 Short Blades
 - Level 2.0 Throwing
 - Level 12.1 Dodging
 - Level 10.2 Stealth
 - Level 10.4 Shields
 * Level 8.8 Spellcasting
 * Level 6.8 Hexes


You had 22 spell levels left.
You knew the following spells:

 Your Spells              Type           Power      Damage    Failure   Level
a - Ensorcelled Hibernat  Hex/Ice        38%        N/A       4%          2
b - Tukima's Dance        Hex            30%        N/A       2%          3

Your spell library contained the following spells:

 Spells                   Type           Power      Damage    Failure   Level
 Slow                     Hex            100%       N/A       1%          1
 Confusing Touch          Hex            30%        N/A       2%          3
 Inner Flame              Hex/Fire       19%        N/A       10%         3
 Portal Projectile        Hex/Tloc       38%        N/A       10%         3
 Lesser Beckoning         Tloc           14%        N/A       21%         2
 Anguish                  Hex/Necr       9%         N/A       32%         4
 Gell's Gravitas          Tloc           7%         N/A       36%         3
 Ignite Poison            Fire/Tmut/Pois 7%         N/A       36%         3
 Teleport Other           Tloc           7%         N/A       36%         3
 Vampiric Draining        Necr           7%         2d6       36%         3
 Vhi's Electric Charge    Tloc/Air       14%        N/A       36%         3
 Yara's Violent Unravell  Hex/Tmut       9%         3d6       65%         5
 Iskenderun's Mystic Bla  Conj/Tloc      7%         2d4       78%         4
 Passage of Golubria      Tloc           7%         N/A       78%         4
 Sticky Flame             Conj/Fire      7%         2d3       78%         4
 Arcjolt                  Conj/Air       3%         1d13      98%         5
 Dispersal                Tloc           3%         N/A       100%        6
 Plasma Beam              Fire/Air       3%         2x1d13    100%        6
 Enfeeble                 Hex            15%        N/A       100%        7
 Ignition                 Fire           3%         3d4       100%        8


Dungeon Overview and Level Annotations

Branches:
Dungeon (12/15)            Temple (1/1) D:5            Lair (2/5) D:10
    Orc (1/2) D:9
  Swamp: Lair:2-3    Shoals: Lair:2-3     Snake: Lair:2-3    Spider: Lair:2-3

Altars:
Ashenzari
Cheibriados
Dithmenos
Elyvilon
Fedhas
Gozag
Hepliaklqana
Kikubaaqudgha
Makhleb
Nemelex Xobeh
Okawaru
Qazlal
Ru
Sif Muna
Trog
Uskayaw
Vehumet
Wu Jian
Xom
Yredelemnul
Zin
The Shining One

Shops:
D:1 [(?*   D:2 [:   D:4 [(*:   D:5 *   D:7 ?

Annotations:
D:6 4 runed translucent doors
D:9 exclusion: downstairs
D:12 Frances
Lair:1 exclusion: oklob plant


Innate Abilities, Weirdness & Mutations

You are very small and have problems with some larger weapons.
You are too small for most types of armour.
You have supernaturally acute eyesight. (SInv)
You cover ground extremely quickly. (Speed+++)


Message History

You hit the death yak but do no damage.
The death yak is severely wounded.
The death yak gores you but does no damage.
You hit the death yak but do no damage.
The death yak is severely wounded.
You block the death yak's attack.
You hit the death yak. You burn the death yak.
The death yak is severely wounded.
The death yak completely misses you.
You hit the death yak. You burn the death yak.
The death yak is severely wounded.
You block the death yak's attack.
You hit the death yak. You burn the death yak.
The death yak is severely wounded.
The death yak closely misses you.
You hit the death yak. You burn the death yak.
The death yak is almost dead.
The death yak closely misses you.
You hit the death yak but do no damage.
The death yak is almost dead.
The death yak completely misses you.
You barely miss the death yak.
The death yak is almost dead.
You block the death yak's attack.
You hit the death yak but do no damage.
The death yak is almost dead.
You block the death yak's attack.
You hit the death yak. You burn the death yak.
The death yak is almost dead.
The death yak closely misses you.
You hit the death yak but do no damage.
The death yak is almost dead.
The death yak closely misses you.
You barely miss the death yak.
The death yak is almost dead.
You hit the death yak but do no damage.
The death yak is almost dead.
The death yak gores you!!
You die...
Your body crumbles into a pile of gold.

#....## #.........##.....
##....## ##........#......
###.....#####...............
#...........................
##...(......................
#....(......................
#.......(...........#.......
#...........................
#.......>.Y@................
#.......................##..
##.................#########
#...............### #
#......)....#.### ###
#.........#..## ##.#
###...##.#...# #...
##.####.##.# ###... ###
###### #####.....


You could see a death yak.

Vanquished Creatures
  Harold (D:11)
  4 two-headed ogres
  Lodul (D:10)
  2 manticores (D:11)
  A cyclops (D:12)
  A torpor snail (Lair:1)
  4 cane toads (Lair:1)
  A komodo dragon (D:10)
  A kobold demonologist (D:11)
  A hornet (D:8)
  Prince Ribbit (D:6)
  A shadow (D:10)
  Sigmund (D:2)
  3 wyverns
  5 yaks (D:10)
  A basilisk (Lair:1)
  A steam dragon (D:6)
  2 vampire mosquitoes (D:10)
  2 acid dragons
  4 water moccasins
  2 ice beasts
  3 orc warriors
  5 black bears
  6 ogres
  3 sky beasts
  5 centaurs
  3 phantoms
  Blork the orc (D:4)
  3 kobold brigands
  9 bullfrogs
  6 scorpions
  13 wights
  7 killer bees (D:8)
  3 howler monkeys
  3 hounds
  3 jellies
  6 orc priests
  Crazy Yiuf (D:2)
  A gnoll bouda (D:7)
  7 iguanas
  6 orc wizards
  9 gnolls
  4 adders
  2 shadow imps
  A white imp (D:4)
  4 dart slugs
  30 orcs
  4 ball pythons
  7 endoplasms
  3 giant cockroaches
  5 goblins
  3 hobgoblins
  3 quokkas
  5 bats
  6 frilled lizards (D:3)
  15 kobolds
  5 rats
240 creatures vanquished.

Notes
Turn   | Place    | Note
-------+----------+-------------------------------------------
     0 | D:1      | Chiseanne the Spriggan Brigand began the quest for the Orb.
     0 | D:1      | Reached XP level 1. HP: 10/10 MP: 2/2
    12 | D:1      | Found Tistruj's Magic Scroll Shop.
    46 | D:1      | Found Eqocw's Antique Weapon Shop.
   202 | D:1      | Found Geovupan's General Store.
   358 | D:1      | Reached XP level 2. HP: 14/14 MP: 3/3
   501 | D:1      | Found Konahion's Armour Shop.
   852 | D:2      | Found a runed translucent door.
   853 | D:2      | Noticed Crazy Yiuf
   935 | D:2      | Found Vungeiv's Book Emporium.
  1078 | D:2      | Noticed Sigmund
  1090 | D:2      | Killed Sigmund
  1091 | D:2      | Reached skill level 10 in Stealth
  1091 | D:2      | Reached XP level 3. HP: 11/18 MP: 4/4
  1091 | D:2      | Reached XP level 4. HP: 14/22 MP: 5/5
  1091 | D:2      | Reached XP level 5. HP: 16/25 MP: 6/6
  1297 | D:2      | Found Paivent's Antique Armour Shop.
  1369 | D:2      | Reached skill level 2 in Dodging
  1641 | D:3      | Identified the +0 ring mail of the Shore {Rampage *Corrode
                  | +Blink Int+4}
  2056 | D:3      | Reached skill level 3 in Dodging
  2429 | D:4      | Noticed Blork the orc
  2437 | D:4      | Killed Blork the orc
  2438 | D:4      | Reached skill level 4 in Dodging
  2438 | D:4      | Reached XP level 6. HP: 30/30 MP: 7/7
  2463 | D:4      | Found Cerugeh's Antique Armour Shoppe.
  2494 | D:4      | Reached skill level 5 in Dodging
  2566 | D:4      | Found Set Xiafe's Antique Weapon Shoppe.
  2593 | D:4      | Found Itoteo's General Store.
  2688 | D:4      | Reached skill level 6 in Dodging
  2839 | D:4      | Reached XP level 7. HP: 33/33 MP: 8/8
  2908 | D:4      | Reached skill level 7 in Dodging
  2929 | D:4      | Found a bloodstained altar of Trog.
  3062 | D:4      | Found Zoschalie's Book Shoppe.
  3097 | D:5      | Entered Level 5 of the Dungeon
  3114 | D:5      | Found Maru's General Store.
  3196 | D:5      | Reached skill level 8 in Dodging
  3390 | D:5      | Reached skill level 9 in Dodging
  3523 | D:6      | Found a large runed translucent door.
  3523 | D:6      | Found a large runed translucent door.
  3529 | D:6      | Noticed a two-headed ogre
  3530 | D:6      | Noticed a troll
  3573 | D:6      | Found a large runed translucent door.
  3573 | D:6      | Found a large runed translucent door.
  3618 | D:6      | Noticed Prince Ribbit
  3618 | D:6      | Noticed a steam dragon
  3621 | D:6      | Killed a steam dragon
  3622 | D:6      | Reached skill level 10 in Dodging
  3622 | D:6      | Reached XP level 8. HP: 37/37 MP: 9/9
  3640 | D:6      | Killed Prince Ribbit
  3641 | D:6      | Reached skill level 11 in Dodging
  3923 | D:5      | Found a staircase to the Ecumenical Temple.
  3946 | Temple   | Entered the Ecumenical Temple
  3974 | Temple   | Became a worshipper of Gozag Ym Sagoz the Greedy
  4229 | D:6      | Reached skill level 12 in Dodging
  4364 | D:7      | Reached skill level 1 in Shields
  4378 | D:7      | Found an iron altar of Okawaru.
  4521 | D:7      | Found Toha's Magic Scroll Boutique.
  4565 | D:7      | Noticed a hornet
  4787 | D:6      | Reached XP level 9. HP: 41/41 MP: 10/10
  5291 | D:7      | Reached skill level 5 in Shields
  5332 | D:7      | Bought a scroll of identify for 26 gold pieces
  5332 | D:7      | Bought a scroll of identify for 26 gold pieces
  5332 | D:7      | Bought a scroll of identify for 26 gold pieces
  5473 | D:7      | Found a glowing golden altar of the Shining One.
  6658 | D:8      | Found a white marble altar of Elyvilon.
  7328 | D:8      | Reached XP level 10. HP: 46/46 MP: 11/11
  7821 | D:9      | Found a staircase to the Orcish Mines.
  7829 | D:9      | Noticed Maurice
  7870 | D:9      | Maurice changed into Maurice the howler monkey
  7870 | D:9      | Noticed Maurice
  8003 | D:8      | Killed Maurice the howler monkey
  8669 | D:9      | Identified a scroll of acquirement
  8669 | D:9      | Acquired the +0 hat of Lightning Storm {rF+ Dex+5 SInv}
  8792 | D:9      | Found a hide-covered altar of Uskayaw.
  8972 | Orc:1    | Entered Level 1 of the Orcish Mines
  9002 | D:10     | Entered Level 10 of the Dungeon
  9107 | D:10     | Found a broken altar of Ashenzari.
  9107 | D:10     | Found a shadowy altar of Dithmenos.
  9268 | D:10     | Noticed a two-headed ogre
  9283 | D:10     | Killed a two-headed ogre
  9725 | D:10     | Noticed Lodul
  9831 | D:10     | Found a radiant altar of Vehumet.
  9831 | D:10     | Found a stormy altar of Qazlal.
  9846 | D:10     | Reached skill level 10 in Shields
 10023 | D:10     | Found a staircase to the Lair.
 10081 | D:10     | Noticed a two-headed ogre
 10116 | D:10     | Killed a two-headed ogre
 10117 | D:10     | Reached XP level 11. HP: 49/49 MP: 12/12
 10516 | D:10     | Noticed a two-headed ogre
 10572 | D:10     | Killed a two-headed ogre
 10655 | D:10     | Killed Lodul
 10860 | D:10     | Reached skill level 5 in Spellcasting
 10875 | D:10     | Learned a level 2 spell: Ensorcelled Hibernation
 11095 | D:5      | Reached skill level 1 in Hexes
 11176 | D:1      | Bought the +6 Majin-Bo {spellvamp, MP+6 Int+6} for 1467
                  | gold pieces
 11176 | D:1      | Found the +6 Majin-Bo {spellvamp, MP+6 Int+6}
 11176 | D:1      | Bought a transparent whip for 165 gold pieces
 11176 | D:1      | Identified the +0 whip "Puqeycum" {freeze, Str+3} (You
                  | bought it in a shop on level 1 of the Dungeon)
 11223 | D:1      | Learned a level 3 spell: Tukima's Dance
 11266 | D:1      | Bought a potion of curing for 30 gold pieces
 11266 | D:1      | Bought 3 poisoned darts for 18 gold pieces
 11297 | D:1      | Bought a scroll of poison for 44 gold pieces
 11297 | D:1      | Bought a scroll of teleportation for 33 gold pieces
 11466 | D:2      | Killed Crazy Yiuf
 12090 | D:7      | Bought a scroll of fear for 52 gold pieces
 12259 | D:11     | Noticed a two-headed ogre
 12335 | D:11     | Killed a two-headed ogre
 12353 | D:11     | Noticed Harold
 12362 | D:11     | Killed Harold
 12616 | D:12     | Noticed Frances
 12893 | D:11     | Noticed a cyan ugly thing
 12903 | D:11     | HP: 1/49 [acid dragon/splash of acid (12)]
 13091 | D:11     | Reached skill level 5 in Hexes
 13169 | Lair:1   | Entered Level 1 of the Lair of Beasts
 13182 | Lair:1   | Noticed a death yak
 13277 | Lair:1   | Noticed a death yak
 13279 | Lair:1   | Noticed a death yak
 13279 | Lair:1   | Noticed a death yak
 13283 | Lair:1   | Noticed a death yak
 13284 | Lair:1   | Noticed a death yak
 13502 | Lair:1   | Noticed an oklob plant
 14771 | Lair:1   | Slain by a death yak

Illustrated notes

Levels and vault maps discovered:
D:1:      scummos_arrival_checkerplants, layout_loops_corners, serial_shops,
          shop, shop, shop, nicolae_shop_waterfront
D:2:      layout_basic, serial_shops, nicolae_shop_crystal, shop,
          minmay_ruptured, uniq_crazy_yiuf_cottage, uniq_sigmund
D:3:      layout_basic
D:4:      layout_gridville, lightli_temple_of_fire, serial_shops,
          nicolae_shop_real_fake_doors, shop, nicolae_book_shop_shelving, shop,
          uniq_blork_the_orc
D:5:      wander_river, layout_basic, minmay_temple_entry_statues, serial_shops,
          nicolae_shop_peninsula, solitary_fountain
D:6:      layout_cave_pools, hex_large, minmay_hollow_rounded_squares,
          uniq_prince_ribbit1
D:7:      layout_cave_pools, mainiacjoe_overflow_concentric_impassable,
          tso_metal_star, serial_shops, shop, due_unseen_surprise
D:8:      layout_basic, mainiacjoe_overflow_alcove_4
D:9:      layout_irregular_city, eat_drink_and_be_merry_uskayaw,
          minmay_orc_entry_temple_small, serial_column_ruins,
          column_ruins_hut_ruined, column_ruins_corridor_T,
          column_ruins_corridor_T, column_ruins_grid_1, uniq_maurice
D:10:     layout_roguey, amethyst_overflow_temple_binary,
          gammafunk_temple_overflow_elements, due_lair_maze_entry_diamond,
          grunt_decor_resistance, hangedman_decor_riveting, uniq_lodul
D:11:     layout_loops_ring, yredelemnul_altar_generic, uniq_harold
D:12:     layout_roguey, hellmonk_guarded_unrand_vitality_bloodlust,
          uniq_frances, uniq_nergalle, uniq_fannar
Temple:   nicolae_temple_god_jail
Lair:1:   layout_cave_shapes, minivault_11, pdpol_lair_neglected_garden,
          cheibrodos_lair_caveside_slide, grunt_megastairs_2
Lair:2:   layout_layer_cave, nicolae_shoals_entry_roost
Orc:1:    layout_caves, basic_altar

Skill      XL: |  1  2  3  4  5  6  7  8  9 10 11 |
---------------+----------------------------------+-----
Stealth        | 6 10 | 10.2
Dodging        | 4 6 10 12 | 12.1
Shields        | 3 7 10 | 10.4
Spellcasting   | 8 |  8.8
Hexes          | 6 |  6.8
Fighting       | |  1.5
Short Blades   | |  2.1
Throwing       | |  2.0

Action                     |  1- 3 |  4- 6 |  7- 9 | 10-12 || total
---------------------------+-------+-------+-------+-------++-------
  Melee: Dagger            |    38 |    82 |   324 |   491 ||   935
         Punch             |       |       |     4 |       ||     4
         Bo                |       |       |       |    42 ||    42
  Throw: Dart              |     9 |    39 |   100 |   123 ||   271
         Stone             |       |       |    23 |    17 ||    40
         Boomerang         |       |       |       |    13 ||    13
   Cast: Ensorcelled Hiber |       |       |       |    23 ||    23
  Evoke: Wand              |       |       |    10 |    23 ||    33
    Use: Scroll            |     2 |     7 |    18 |     7 ||    34
         Potion            |       |       |     5 |     5 ||    10
   Stab: Sleeping          |     6 |    12 |    11 |    20 ||    49
         Distracted        |     1 |       |     2 |     4 ||     7
         Paralysed         |       |       |       |     2 ||     2
 Armour: Robe              |     6 |    12 |    21 |    25 ||    64
  Dodge: Dodged            |    16 |    87 |   299 |   393 ||   795
  Block: Buckler           |       |       |    65 |   160 ||   225

Table legend: (Time is in decaauts)
 A = Elapsed time spent in this place.
 B = Non-inter-level travel time spent in this place.
 C = Inter-level travel time spent in this place.
 D = Time resting spent in this place.
 E = Time spent auto-exploring this place.
 F = Levels seen in this place.
 G = Mean time per level.
                   A        B        C        D        E       F      G
               +--------+--------+--------+--------+--------+-----+--------+
         Total |  10915 |  10282 |    633 |   2683 |   2921 |  16 |  682.2 |
       Dungeon |   9578 |   8950 |    628 |   2041 |   2744 |  12 |  798.2 |
        Temple |     30 |     26 |      4 |      0 |      0 |   1 |   30.0 |
          Lair |   1303 |   1303 |      0 |    642 |    177 |   2 |  651.5 |
  Orcish Mines |      3 |      3 |      0 |      0 |      0 |   1 |    3.0 |
               +--------+--------+--------+--------+--------+-----+--------+

Top non-repeatable levels by time:
    D:10: 1427 daAuts
     D:8: 1394 daAuts
  Lair:1: 1239 daAuts
     D:9: 1053 daAuts
     D:5: 839 daAuts
     D:6: 825 daAuts
     D:7: 799 daAuts
     D:2: 723 daAuts
    D:11: 637 daAuts
     D:1: 621 daAuts
     D:3: 576 daAuts
     D:4: 493 daAuts
    D:12: 186 daAuts
  Lair:2: 64 daAuts
  Temple: 30 daAuts
